Map: Sueño ártico EE

Players

MrFercho - Winner!

  • Race: Zerg Zerg
  • League: Silver
  • Spawn Location: 11:00

tigro - Winner!

  • Race: Terran Terran
  • League: Bronze
  • Spawn Location: 12:00

ZeratuL

  • Race: Terran Terran
  • Spawn Location: 6:00

CjVB

  • Race: Terran Terran
  • Spawn Location: 5:00

VOD

Have the link to the VOD?

Description

Time

  • Played on: June 12, 2020, 11:37 p.m.
  • Length: 17:18
Show
View Real Time Build Order
Export as new Build Order

MrFercho Zerg - Winner!

Build Orders: Hatch First 

Get SALT Encoding   

  12  0:01  Drone  
  13  0:17  Overlord  
  13  0:26  Drone  
  14  0:37  Drone  
  14  0:38  Drone  
  16  0:59  Drone  
  16  1:00  Drone  
  16  1:01  Drone  
  16  1:02  Hatchery  
  18  1:17  Spawning Pool  
  17  1:22  Drone  
  18  1:28  Drone  
  19  1:34  Extractor  
  19  1:35  Drone  
  19  1:44  Drone  
  20  1:55  Drone  
  21  2:05  Overlord  
  21  2:13  Queen  
  23  2:19  Overlord  
  23  2:24  Queen  
  23  2:25  Drone x2  
  23  2:26  Drone  
  28  3:02  Overlord  
  28  3:06  Drone x5  
  33  3:17  Lair  
  33  3:33  Drone x4  
  37  3:47  Spine Crawler  
  36  3:53  Spine Crawler  
  35  3:57  Drone  
  35  3:58  Roach Warren, Drone x7  
  35  4:01  Extractor  
  41  4:02  Overlord  
  41  4:03  Extractor  
  40  4:31  Drone x5  
  45  4:33  Drone x2  
  45  4:34  Drone  
  48  5:18  Extractor  
  48  5:21  Roach x6  
  59  5:32  Extractor, Hatchery, Overlord  
  59  5:33  Overlord  
  57  5:37  Extractor  
  56  5:45  Lair  
  56  5:53  Evolution Chamber  
  56  5:54  Glial Reconstitution  
  56  5:56  Evolution Chamber  
  54  5:57  Overseer  
  54  6:03  Drone  
  55  6:04  Drone  
  55  6:05  Drone x5  
  55  6:10  Drone x2  
  55  6:11  Drone x2  
  65  6:36  Roach  
  66  6:59  Spine Crawler  
  65  7:01  Spine Crawler, Spore Crawler  
  56  7:36  Spire  
  55  7:40  Hydralisk Den, Zerg Ground Armor Level 1, Zerg Missile Weapons Level 1  
  55  7:43  Drone x6  
  55  7:44  Drone x5  
  65  8:04  Drone  
  65  8:05  Drone  
  67  8:11  Grooved Spines  
  67  8:19  Overlord x2  
  67  8:20  Overlord  
  67  8:21  Overlord x4  
  67  8:25  Queen  
  69  8:48  Drone x10  
  79  8:57  Zerg Flyer Weapons Level 1  
  79  9:05  Infestation Pit  
  79  9:09  Queen  
  80  9:22  Muscular Augments  
  80  9:33  Hatchery  
  79  9:56  Hydralisk  
  79  9:57  Hydralisk x18  
  117  10:01  Hatchery  
  106  10:23  Spine Crawler  
  106  10:26  Spine Crawler  
  106  10:28  Spine Crawler  
  101  10:30  Spine Crawler  
  98  10:59  Drone x15  
  98  11:00  Drone x7  
  120  11:04  Overlord x2  
  120  11:19  Zerg Missile Weapons Level 2, Zerg Ground Armor Level 2  
  120  11:24  Hive  
  120  11:36  Zerg Flyer Weapons Level 2, Spire  
  119  11:45  Extractor  
  118  11:47  Extractor  
  117  11:56  Hatchery  
  117  12:00  Queen  
  118  12:01  Extractor  
  118  12:02  Extractor  
  118  12:06  Hydralisk x10  
  136  12:10  Overlord x6  
  136  12:11  Overlord x7  
  136  12:23  Hatchery  
  136  12:27  Hatchery  
  114  13:15  Drone x18  
  132  13:34  Hydralisk  
  132  13:35  Hydralisk x8  
  150  14:12  Hydralisk x7  
  150  14:13  Hydralisk x15  
  194  14:21  Greater Spire  
  194  14:24  Zerg Flyer Weapons Level 3  
  194  14:26  Zerg Missile Weapons Level 3, Zerg Ground Armor Level 3  
  194  14:37  Overseer x5  
  194  14:38  Hatchery, Overseer  
  194  14:42  Hatchery  
  154  16:10  Hydralisk x10  
  154  16:11  Hydralisk x2  
  172  16:12  Hydralisk  
  172  16:13  Corruptor  
  172  16:14  Corruptor x10  
  190  17:01  Hatchery  
  179  17:10  Hatchery  
Show
View Real Time Build Order
Export as new Build Order

tigro Terran - Winner!

Build Orders:  

Get SALT Encoding   

  12  0:03  SCV  
  13  0:15  SCV  
  14  0:26  Supply Depot  
  14  0:27  SCV  
  15  0:35  Refinery  
  15  0:48  SCV  
  16  1:01  Barracks  
  16  1:02  SCV  
  17  1:13  Refinery  
  17  1:14  SCV  
  18  1:26  SCV  
  18  1:32  Supply Depot  
  19  1:38  SCV  
  20  1:50  SCV  
  20  1:52  Marine  
  22  2:02  SCV  
  23  2:10  Marine  
  23  2:14  SCV  
  25  2:20  Barracks  
  25  2:23  Engineering Bay  
  25  2:27  Marine, SCV  
  27  2:45  Marine  
  28  2:54  Terran Infantry Weapons Level 1  
  28  3:03  Marine  
  29  3:21  Barracks Tech Lab  
  29  3:25  Barracks Tech Lab, Command Center  
  29  3:37  Orbital Command  
  29  3:47  Reaper  
  30  3:50  Reaper  
  30  3:52  Combat Shield  
  31  3:56  Concussive Shells  
  31  4:24  Factory  
  31  4:38  Refinery  
  31  4:47  SCV  
  31  4:48  Terran Infantry Armor Level 1  
  32  4:59  SCV  
  33  5:11  SCV  
  33  5:12  Refinery  
  33  5:13  Stimpack  
  34  5:15  Factory Tech Lab  
  34  5:23  SCV  
  34  5:25  Starport  
  35  5:32  Marine x2  
  35  5:35  SCV  
  38  5:37  Siege Tank  
  41  5:47  SCV  
  42  5:50  Marine x2  
  44  5:59  SCV  
  45  6:08  Marine x2  
  47  6:11  SCV  
  48  6:24  SCV  
  49  6:25  Medivac, Marine  
  49  6:26  Marine  
  53  6:36  SCV  
  54  6:42  Neosteel Armor  
  54  6:43  Marine x2  
  56  6:48  SCV  
  57  7:00  SCV  
  58  7:45  Planetary Fortress  
  58  8:01  Starport Tech Lab  
  58  8:08  Armory  
  58  8:12  Siege Tank  
  61  8:16  Marine  
  62  8:22  Hi-Sec Auto Tracking  
  62  8:30  Supply Depot  
  62  8:50  Missile Turret  
  62  8:51  Marine x2  
  62  8:52  Siege Tank  
  62  8:53  Supply Depot  
  67  8:57  SCV  
  68  9:07  Fusion Core  
  68  9:08  Terran Vehicle Weapons Level 1  
  68  9:09  Marine, SCV  
  70  9:14  Marine  
  71  9:19  Terran Infantry Weapons Level 2  
  71  9:21  SCV  
  71  9:22  Missile Turret  
  71  9:24  Siege Tank  
  75  9:27  Marine  
  76  9:32  Marine  
  76  9:33  SCV  
  78  9:44  Missile Turret  
  78  9:45  Marine, SCV  
  80  9:50  Marine  
  81  9:55  Weapon Refit  
  81  9:57  Battlecruiser  
  87  10:08  Marine  
  88  10:19  Missile Turret  
  81  10:39  Missile Turret  
  79  11:02  Battlecruiser, Terran Vehicle And Ship Armor Level 1  
  85  11:22  Thor  
  91  11:34  Terran Infantry Armor Level 2  
  91  11:46  Command Center, Marine x2  
  93  11:53  Refinery  
  93  12:03  Marine  
  94  12:27  Supply Depot  
  94  12:48  Thor, Marine x2  
  102  12:52  Supply Depot  
  102  12:56  Terran Ship Weapons Level 1  
  102  12:57  Medivac  
  104  13:06  Marine x2  
  106  13:15  Supply Depot  
  106  13:24  Marine x2  
  108  13:27  Medivac  
  108  13:31  Thor  
  116  13:42  Marine  
  117  13:58  Battlecruiser  
  123  14:03  Missile Turret  
  123  14:28  Missile Turret  
  123  14:32  Planetary Fortress  
  123  14:38  Refinery  
  123  14:46  Marine  
  123  14:47  Marine  
  125  14:55  Missile Turret  
  125  15:02  Battlecruiser  
  125  15:04  Marine x2  
  133  15:12  Thor  
  139  15:17  Missile Turret  
  139  15:22  Marine x2  
  141  15:40  Marine x2  
  141  15:42  Missile Turret  
  143  15:55  Thor  
  149  15:58  Marine x2  
  143  16:06  Battlecruiser  
Show
View Real Time Build Order
Export as new Build Order

ZeratuL Terran 

Build Orders:  

Get SALT Encoding   

  12  0:02  SCV  
  13  0:17  SCV  
  14  0:24  Supply Depot  
  14  0:30  SCV  
  14  0:32  Refinery  
  15  0:46  SCV  
  16  0:51  Barracks  
  16  1:01  SCV  
  16  1:02  Refinery  
  17  1:13  SCV  
  18  1:25  SCV  
  19  1:37  SCV  
  20  1:50  Barracks Reactor, Supply Depot  
  20  1:56  Command Center  
  20  1:59  SCV  
  21  2:11  Orbital Command  
  21  2:25  Marine  
  21  2:26  Marine  
  23  2:35  Factory  
  23  2:43  SCV  
  24  2:55  SCV  
  25  3:07  SCV  
  25  3:11  Refinery  
  26  3:12  Marine  
  26  3:13  Marine  
  28  3:23  Starport  
  28  3:27  Widow Mine  
  28  3:31  Factory  
  30  3:49  Widow Mine  
  32  3:58  Marine x2  
  34  4:13  SCV  
  34  4:15  SCV  
  34  4:16  Marine  
  37  4:25  SCV  
  37  4:27  SCV  
  39  4:37  SCV  
  39  4:39  SCV  
  40  4:49  SCV  
  40  4:51  SCV  
  41  4:58  Marine  
  41  4:59  Marine  
  43  5:01  SCV  
  43  5:03  SCV  
  45  5:07  Refinery  
  45  5:13  SCV  
  46  5:31  Supply Depot  
  46  5:33  Starport, Starport Tech Lab  
  46  5:51  Factory Tech Lab  
  46  5:53  Marine x2, SCV  
  46  5:56  Factory Tech Lab  
  49  6:05  SCV  
  49  6:11  Marine x2  
  52  6:17  SCV  
  52  6:28  Marine x2  
  54  6:53  Marine x2  
  54  7:24  Marine  
  54  7:25  Marine  
  54  7:29  Siege Tank  
  52  7:30  Siege Tank  
  51  7:37  Banshee  
  51  7:43  Starport  
  54  7:49  Supply Depot  
  54  7:55  Marine x2  
  56  8:01  Siege Tank  
  56  8:02  Siege Tank  
  56  8:05  Viking  
  64  8:13  Supply Depot, Marine x2  
  66  8:20  Banshee  
  69  8:27  Viking  
  69  8:31  Marine x2  
  73  8:35  Viking  
  73  8:41  Supply Depot  
  75  8:49  Marine x2, Orbital Command  
  75  8:51  SCV  
  78  8:57  Viking  
  80  9:03  Supply Depot, Banshee, SCV  
  80  9:05  Viking  
  80  9:06  Marine x2  
  88  9:15  SCV  
  89  9:26  Supply Depot  
  89  9:27  Viking  
  89  9:28  SCV  
  92  9:35  Viking  
  94  9:40  SCV  
  95  9:45  Banshee  
  95  9:48  Supply Depot  
  95  9:51  Siege Tank x2  
  95  9:52  SCV  
  105  9:57  Viking  
  107  10:04  Viking  
  109  10:11  Supply Depot  
  99  10:23  Cyclone x2  
  99  10:27  Viking  
  103  10:28  Banshee  
  74  10:51  Fusion Core  
  74  10:55  Cyclone  
  77  11:07  Command Center  
  77  11:11  Viking, Banshee  
  82  11:35  Siege Tank  
  82  11:36  Siege Tank  
  88  11:41  Viking  
  90  11:54  Banshee  
  93  12:08  Siege Tank x2  
  99  12:11  Viking  
  101  12:22  Marine x2  
  83  12:37  Banshee  
  83  12:40  Viking, Marine x2, Cyclone, Siege Tank  
  86  12:51  Viking  
  86  12:58  Marine x2  
  90  13:10  Viking  
  90  13:12  Cyclone, Siege Tank  
  98  13:16  Marine x2  
  98  13:19  Banshee  
  100  13:21  Viking  
  105  13:33  Marine  
  105  13:34  Marine  
  106  13:38  SCV  
  108  13:43  SCV  
  109  13:50  SCV, Siege Tank x2  
  109  13:51  Marine x2  
  109  13:55  Viking, SCV  
  121  14:02  Viking  
  121  14:03  SCV  
  121  14:07  SCV  
  125  14:15  SCV  
  126  14:19  SCV  
  126  14:22  Siege Tank, Cyclone  
  133  14:27  SCV  
  135  14:31  SCV  
  135  14:33  Battlecruiser  
  141  14:41  Refinery  
  141  14:43  Refinery  
  141  14:45  Supply Depot  
  141  14:52  SCV x2  
  143  14:54  Cyclone  
  146  15:04  SCV x2  
  148  15:08  Cyclone  
  151  15:18  SCV  
  150  15:26  Siege Tank  
  146  15:30  SCV  
  142  15:41  Cyclone  
  142  15:42  SCV  
  115  15:54  SCV  
  103  15:59  Siege Tank  
  99  16:06  SCV  
  99  16:09  Battlecruiser  
  108  16:13  Cyclone  
  108  16:18  Viking  
  110  16:31  Siege Tank  
  111  16:45  Cyclone  
Show
View Real Time Build Order
Export as new Build Order

CjVB Terran 

Build Orders:  

Get SALT Encoding   

  12  0:03  SCV  
  13  0:16  SCV  
  14  0:24  Supply Depot  
  14  0:29  SCV  
  14  0:33  Refinery  
  15  0:50  Barracks  
  15  0:52  SCV  
  16  1:01  Refinery  
  16  1:09  Supply Depot  
  16  1:18  SCV  
  17  1:32  SCV  
  18  1:40  Barracks Reactor  
  18  2:06  Command Center  
  18  2:08  Orbital Command  
  18  2:17  Marine x2  
  20  2:32  Factory  
  20  2:45  Marine x2  
  20  2:49  SCV  
  23  3:09  Marine x2  
  25  3:15  Factory Tech Lab  
  25  3:21  Starport  
  25  3:29  Orbital Command  
  25  3:34  SCV  
  25  3:35  Refinery  
  26  3:46  Engineering Bay, SCV  
  27  4:20  Siege Tank  
  27  4:22  Starport Tech Lab  
  30  4:28  Barracks  
  30  4:34  SCV  
  30  4:37  Barracks, SCV  
  32  4:46  SCV  
  33  5:09  Command Center  
  33  5:11  Siege Tank  
  36  5:22  Barracks Tech Lab  
  36  5:27  Barracks Reactor  
  36  5:37  Refinery  
  36  5:49  Siege Tank, Missile Turret  
  39  6:04  Marine x2  
  39  6:05  Marine  
  39  6:07  Medivac  
  39  6:08  Missile Turret  
  44  6:17  SCV  
  45  6:22  SCV  
  46  6:28  Missile Turret  
  46  6:29  SCV  
  46  6:32  Refinery  
  47  6:34  SCV  
  48  6:41  SCV  
  48  6:46  Orbital Command, Missile Turret  
  48  7:50  SCV  
  49  8:02  SCV  
  49  8:03  SCV  
  49  8:04  Refinery  
  51  8:08  Missile Turret  
  51  8:14  SCV  
  51  8:15  SCV  
  53  8:20  Engineering Bay  
  53  8:23  Armory  
  53  8:27  Starport, SCV x2  
  54  8:28  Missile Turret  
  55  8:35  Medivac  
  55  8:38  Siege Tank  
  55  8:39  SCV  
  61  8:50  Missile Turret  
  61  8:56  Supply Depot  
  61  9:08  Starport Tech Lab  
  61  9:15  Starport  
  61  9:17  Medivac, Marine x3, Supply Depot  
  66  9:35  Missile Turret  
  66  9:39  Supply Depot  
  66  9:42  Missile Turret  
  66  9:46  Marine  
  66  9:47  Marine x3  
  66  9:52  Terran Infantry Weapons Level 1  
  70  9:54  Terran Infantry Armor Level 1, Missile Turret  
  70  9:55  Terran Vehicle And Ship Armor Level 1  
  70  10:01  Missile Turret  
  70  10:03  Supply Depot  
  70  10:14  Missile Turret x2  
  70  10:19  Missile Turret, SCV  
  71  10:26  Supply Depot  
  71  10:31  SCV  
  71  10:32  Barracks, Missile Turret  
  71  10:34  Barracks  
  72  10:36  Missile Turret  
  72  10:39  Missile Turret  
  72  10:43  SCV  
  72  10:45  Starport Tech Lab  
  72  10:48  Supply Depot  
  73  10:54  Fusion Core  
  73  10:55  Marine x4  
  73  10:56  Marine, SCV  
  79  11:02  Missile Turret  
  79  11:15  Marine x3  
  82  11:30  Barracks Reactor  
  82  11:31  Barracks Reactor  
  82  11:49  Viking x3  
  88  12:10  Marine x3  
  88  12:11  Marine x5  
  88  12:12  Marine  
  97  12:19  Viking  
  99  12:28  Marine x3  
  74  12:56  Bunker  
  68  13:02  Bunker  
  68  13:03  Viking x3  
  73  13:12  Marine x3  
  76  13:14  Marine  
  77  13:33  Viking x3  
  83  13:38  Command Center  
  83  13:48  Command Center  
  83  14:00  Marine x5  
  88  14:09  Marine x2  
  90  14:10  Marine  
  90  14:11  Viking x3  
  90  14:13  Siege Tank  
  100  14:25  Factory  
  100  14:41  Viking x3, Missile Turret  
  106  14:56  Starport  
  106  15:12  SCV  
  107  15:17  Refinery  
  107  15:24  SCV  
  108  15:36  SCV  
  108  15:48  SCV  
  82  16:00  SCV  
  82  16:02  Starport Tech Lab  
  54  16:19  SCV  
Tags
 
Add a new tag
Caveats
  • Supply blocks, unpowered buildings, or Contaminate may cause inaccurate times.
  • Supply counts are checked every 10 seconds.